 Dungeon Crawl Stone Soup version 0.18-a0-921-g28655ce (webtiles) character file.

697 filipzpl the Ruffian (level 7, -8/52 HPs)
             Began as a Grey Draconian Transmuter on Dec 27, 2015.
             Was a Believer of Cheibriados.
             Mangled by an iguana (14 damage)
             ... on level 7 of the Dungeon.
             The game lasted 00:17:27 (4954 turns).

filipzpl the Ruffian (Grey Draconian Transmuter)    Turns: 4954, Time: 00:17:27

Health: -8/52      AC: 15    Str: 19    XL:     7   Next: 37%
Magic:  4/10       EV: 10    Int: 21    God:    Cheibriados [**....]
Gold:   119        SH:  8    Dex: 20    Spells: 3 memorised, 1 level left

rFire  . . .     SeeInvis .       - Unarmed
rCold  . . .     Gourm    .     (armour unavailable)
rNeg   . . .     Faith    .     y - +0 shield
rPois  .         Spirit   .     (helmet restricted)
rElec  .         Dismiss  .     w - +0 cloak
rCorr  .         Reflect  .     (no gloves)
SustAt .         Harm     .     u - +2 pair of boots {Fly}
MR     .....                    (no amulet)
Stlth  ++........               s - +3 ring of dexterity
                                d - ring of flight

@: appendage, flying, very slightly contaminated, very slow, not resistant to
hostile enchantments, unstealthy
A: walk through water, unfitting armour, horns 2, unbreathing, cold-blooded, AC
+11
a: End Transformation, Bend Time, Renounce Religion, Stop Flying


You were on level 7 of the Dungeon.
You worshipped Cheibriados.
Cheibriados was pleased with you.
You were very hungry.
You had grown temporary horns.
You visited 1 branch of the dungeon, and saw 7 of its levels.

You collected 354 gold pieces.
You spent 235 gold pieces at shops.

Inventory:

Missiles
 a - 36 arrows
Armour
 u - a +2 pair of boots of flying (worn)
 w - a +0 cloak (worn)
 y - a +0 shield (worn)
 A - a +0 helmet
Jewellery
 d - a ring of flight (left hand)
 n - a cursed ring of teleportation {unknown}
 s - a +3 ring of dexterity (right hand)
Wands
 f - a wand of confusion (17/48)
Scrolls
 h - a scroll of random uselessness
 l - 2 scrolls of amnesia
 r - a scroll of teleportation
 t - a scroll of enchant weapon
 x - a scroll of immolation {unknown}
 z - a scroll of acquirement {unknown}
 B - a scroll of identify
Potions
 e - a potion of cure mutation {unknown}
 g - a potion of berserk rage {unknown}
 j - 2 potions of degeneration {unknown}
 o - a potion of poison {unknown}
 p - 2 potions of curing {unknown}
 C - 2 potions of brilliance {unknown}
Books
 b - a book of Changes

   Spells                             Type                      Level
   a - Beastly Appendage              Transmutation                1
   b - Sticks to Snakes               Transmutation                2
   c - Spider Form                    Transmutation/Poison         3
   d - Ice Form                       Ice/Transmutation            4
   e - Blade Hands                    Transmutation                5
 v - a book of Minor Magic

   Spells                             Type                      Level
   a - Magic Dart                     Conjuration                  1
   b - Blink                          Translocation                2
   c - Call Imp                       Summoning                    2
   d - Repel Missiles                 Charms/Air                   2
   e - Slow                           Hexes                        2
   f - Conjure Flame                  Conjuration/Fire             3
   g - Mephitic Cloud                 Conjuration/Poison/Air       3
Comestibles
 c - 4 bread rations
 i - 3 fruits
 k - 2 meat rations
 m - 2 beef jerkies
 q - a slice of pizza


   Skills:
 - Level 1.1 Fighting
 - Level 1.7 Dodging
 - Level 7.6 Unarmed Combat
 - Level 2.0 Spellcasting
 + Level 4.0 Transmutations
 - Level 1.8 Poison Magic


You had one spell level left.
You knew the following spells:

 Your Spells              Type           Power        Failure   Level  Hunger
a - Beastly Appendage     Trmt           ###...       21%         1    #......
b - Spider Form           Trmt/Pois      ##........   91%         3    ###....
c - Blade Hands           Trmt           ###.......   100%        5    ######.


Dungeon Overview and Level Annotations

Branches:
Dungeon (7/15)             Temple (0/1) D:5

Altars:
Ashenzari
Cheibriados
Nemelex Xobeh
Ru

Shops:
D:5 [*(?[


Innate Abilities, Weirdness & Mutations

You can walk through water.
Your dull iron-grey scales are very hard (AC +11).
Your body does not fit into most forms of armour.
You can survive without breathing.
You are cold-blooded and may be slowed by cold attacks.
You have a pair of horns on your head.


Message History

The crimson imp shouts!
There is a stone staircase leading up here.
Casting: Spider Form
Confirm with . or Enter, or press ? or * to list all spells.
Okay, then.
Casting: Spider Form
Confirm with . or Enter, or press ? or * to list all spells.
You grow a pair of large bovine horns.
The jackal barks! x2
You block the iguana's attack.
You are too injured to fight recklessly!
You completely miss the jackal.
Your tail-slap misses the jackal.
The jackal bites you but does no damage.
You block the iguana's attack. The jackal barely misses you.
An adder comes into view.
You hit the jackal.
The jackal is severely wounded.
The jackal bites you but does no damage.
The jackal misses you. The iguana bites you!
You die...

#####
###h..#
#.hh@.#
.S....hl.#
..⌠5...###
.....##
#...# ##..
##


You could see an iguana, a crimson imp, an adder and 4 jackals.

Vanquished Creatures
  A sky beast (D:5)
  An ogre (D:4)
  A crimson imp (D:5)
  Crazy Yiuf (D:5)
  4 orc wizards
  3 hounds
  A gnoll shaman (D:4)
  3 worker ants (D:4)
  6 adders
  3 gnolls (D:4)
  A worm (D:2)
  3 giant geckos
  7 orcs
  4 ball pythons
  8 bats
  A giant cockroach (D:4)
  7 goblins
  4 hobgoblins
  4 giant newts
  5 kobolds
  8 rats
76 creatures vanquished.

Notes
Turn   | Place    | Note
--------------------------------------------------------------
     0 | D:1      | filipzpl the Draconian Transmuter began the quest for the Orb.
     0 | D:1      | Reached XP level 1. HP: 16/16 MP: 3/3
   181 | D:1      | Reached XP level 2. HP: 21/23 MP: 5/5
   275 | D:1      | Found a snail-covered altar of Cheibriados.
   710 | D:1      | Became a worshipper of Cheibriados the Contemplative
   907 | D:1      | Reached skill level 4 in Unarmed Combat
  1144 | D:2      | Reached XP level 3. HP: 24/28 MP: 4/6
  1149 | D:2      | Learned a level 3 spell: Spider Form
  1201 | D:2      | Reached * piety under Cheibriados
  1424 | D:2      | Reached skill level 1 in Poison Magic
  1530 | D:2      | Found a sparkling altar of Nemelex Xobeh.
  1540 | D:2      | Reached XP level 4. HP: 27/35 MP: 7/7
  1911 | D:3      | Found a faded altar to an unknown god.
  2516 | D:4      | Found a sacrificial altar of Ru.
  2520 | D:4      | Reached ** piety under Cheibriados
  2530 | D:4      | Noticed an ogre
  2538 | D:4      | Killed an ogre
  2538 | D:4      | Reached skill level 5 in Unarmed Combat
  2538 | D:4      | Reached XP level 5. HP: 40/40 MP: 6/8
  2600 | D:4      | Reached XP level 6. HP: 45/47 MP: 2/9
  2676 | D:4      | Reached skill level 6 in Unarmed Combat
  3166 | D:4      | HP: 2/47 [gnoll/spear (2)]
  3854 | D:4      | Reached skill level 7 in Unarmed Combat
  3887 | D:5      | Entered Level 5 of the Dungeon
  3907 | D:5      | Your scales start taking on a dull iron-grey colour.
  3907 | D:5      | Gained mutation: You can survive without breathing. [Grey Draconian growth]
  3907 | D:5      | Reached XP level 7. HP: 52/52 MP: 7/10
  4083 | D:5      | Found Valajozi's Armour Shop.
  4094 | D:5      | Bought a +1 pair of boots of flying for 181 gold pieces
  4115 | D:5      | Noticed Crazy Yiuf
  4125 | D:5      | Killed Crazy Yiuf
  4205 | D:5      | Found a staircase to the Ecumenical Temple.
  4249 | D:5      | Found Nuekhleoj's Antique Weapon Shop.
  4256 | D:5      | Learned a level 5 spell: Blade Hands
  4435 | D:5      | Found Rotam's Armour Boutique.
  4440 | D:5      | Found a shattered altar of Ashenzari.
  4442 | D:5      | Bought a +0 shield for 54 gold pieces
  4510 | D:5      | Found Awoe's Magic Scroll Shop.
  4562 | D:5      | Found Kava's Assorted Antiques.
  4954 | D:7      | Mangled by an iguana

Vault maps used:
D:1:      minmay_arrival_doors, nrook_mini_vaults, cheibriados_altar_1
D:2:      lemuel_crystal_altar, first_bread, kennysheep_generic_room_14
D:3:      ecumenical_altar_2
D:4:      nicolae_ru_great_annihilating_truth
D:5:      lemuel_crystal_altar, lemuel_temple_firewalk, serial_glass,
          glass_columns_b, glass_columns_c, serial_shops, shop,
          kennysheep_little_box, shop, nicolae_shop_trees, shop_coins,
          uniq_crazy_yiuf_cottage
D:6:      elyvilon_altar_4, serial_bayou, serial_bayou_pond_e,
          serial_bayou_pond_c, serial_bayou_lagoon_a, serial_bayou_crossing,
          lemuel_blue_sif_altar, uniq_menkaure
D:7:      overflow_temple_1_default, serial_shops, shop, grunt_ogre_cave,
          minmay_hedge_maze, grunt_ministairs_12, minivault_4

Action                   |  1- 3 |  4- 6 |  7- 9 || total
-------------------------+-------+-------+-------++-------
Melee: Unarmed           |   115 |   114 |    24 ||   253
 Cast: Beastly Appendage |     6 |       |     1 ||     7
       Spider Form       |     7 |    13 |     3 ||    23
  Use: Scroll            |     3 |     5 |     2 ||    10
 Stab: Sleeping          |     1 |       |     1 ||     2
       Invisible         |       |     1 |       ||     1
       Paralysed         |       |     1 |       ||     1
  Eat: Chunk             |     3 |     4 |     2 ||     9
